 Dungeon Crawl Stone Soup version bcrawl-1.18.1 (webtiles) character file.

Game seed: 7181790379999944216

191 Mrkan the Skirmisher (level 5, -5/48 HPs)
             Began as a Hill Orc Fighter on Nov 5, 2019.
             Was an Initiate of Ru.
             Slain by an ogre
             ... wielding a +0 giant club
              (21 damage)
             ... on level 4 of the Dungeon.
             The game lasted 00:03:51 (2545 turns).

Mrkan the Skirmisher (Hill Orc Fighter)             Turns: 2545, Time: 00:03:53

Health: -5/48      AC: 11    Str: 19    XL:     5   Next: 70%
Magic:  5/5        EV:  5    Int:  8    God:    Ru [......]
Gold:   337        SH: 15    Dex: 11    Spells: 4/4 levels left

rFire    . . .     SeeInvis .   a - +0 long sword
rCold    . . .     Gourm    .   g - +0 large shield
rNeg     . . .     Faith    .   b - +0 scale mail
rPois    .         Spirit   .   r - +1 helmet
rElec    .         Reflect  .   h - +0 cloak
rCorr    .         Harm     .   i - +0 pair of gloves
MR       .....                  (no boots)
Stlth    ..........             (no amulet)
HPRegen  0.16/turn              (no ring)
MPRegen  0.09/turn              (no ring)

@: no status effects
A: no striking features
a: Renounce Religion


You were on level 4 of the Dungeon.
You worshipped Ru.
Ru was noncommittal.
You were hungry.

You visited 1 branch of the dungeon, and saw 4 of its levels.

You collected 337 gold pieces.

Inventory:

Hand Weapons
 a - a +0 long sword (weapon)
Armour
 b - a +0 scale mail (worn)
 g - a +0 large shield (worn)
 h - a +0 cloak (worn)
 i - a +0 pair of gloves (worn)
 r - a +1 helmet (worn)
Wands
 p - a wand of disintegration (9)
Scrolls
 k - a scroll of identify {unknown}
 l - 3 scrolls of magic mapping {unknown}
 n - a scroll of fear {unknown}
 q - a scroll of amnesia {unknown}
Potions
 c - a potion of invisibility {unknown}
 d - a potion of might
 e - 2 potions of heal wounds {unknown}
 j - a potion of mutation {unknown}
 m - a potion of magic {unknown}
Comestibles
 f - 8 rations {!d}


   Skills:
 * Level 5.2 Fighting
   Level 5.2 Short Blades
   Level 5.2 Long Blades
   Level 5.2 Axes
   Level 5.2 Maces & Flails
   Level 5.2 Polearms
   Level 5.2 Staves
 + Level 4.4 Armour
 + Level 4.4 Shields
   Level 5.2 Unarmed Combat


You had 4 spell levels left.
You didn't know any spells.
Your spell library was empty.

Dungeon Overview and Level Annotations

Branches:
Dungeon (4/12)
 Temple: D:4-7

Altars:
Nemelex Xobeh
Ru


Message History

There is a stone staircase leading up here.
An ogre comes into view. It is wielding a +0 giant club.
The ogre shouts!
You hear a shout!
Found a scroll labeled KYNLOG ENOIKUY.
An ogre is nearby!
Your shield prevents you from hitting the ogre.
You block the ogre's attack.
You hit the ogre.
The ogre is moderately wounded.
The ogre hits you with a +0 giant club!!
You slash the ogre!
The ogre is heavily wounded.
The ogre hits you with a +0 giant club!
You hit the ogre.
The ogre is severely wounded.
You block the ogre's attack.
You hit the ogre but do no damage.
The ogre is severely wounded.
The ogre hits you with a +0 giant club!!
You die...

######## #...<..#
# ........#.# .##
####.##.#.##...###
# #...@O......
###.##...### #.#
...?. ... ....
#### ... .. .


You could see an ogre.

Vanquished Creatures
  An orc wizard (D:2)
  A hound (D:3)
  4 gnolls (D:3)
  An adder (D:3)
  An ooze (D:3)
  3 worms (D:3)
  3 leopard geckos
  An orc (D:3)
  2 ball pythons
  A giant cockroach (D:3)
  8 goblins
  9 hobgoblins
  4 jackals (D:3)
  10 kobolds
  2 quokkas (D:3)
  7 bats
  5 frilled lizards
  5 rats
68 creatures vanquished.

Notes
Turn   | Place    | Note
-------+----------+-------------------------------------------
     0 | D:1      | Mrkan the Hill Orc Fighter began the quest for the Orb.
     0 | D:1      | Reached XP level 1. HP: 20/20 MP: 1/1
   114 | D:1      | Reached XP level 2. HP: 24/27 MP: 2/2
   559 | D:1      | Reached XP level 3. HP: 31/34 MP: 3/3
  1223 | D:2      | Found a sacrificial altar of Ru.
  1254 | D:2      | Reached XP level 4. HP: 33/41 MP: 4/4
  1269 | D:2      | Became a worshipper of Ru the Awakened
  1557 | D:3      | Reached skill level 5 in Fighting
  1584 | D:3      | Found a sparkling altar of Nemelex Xobeh.
  1613 | D:3      | Reached XP level 5. HP: 44/48 MP: 5/5
  2539 | D:4      | Noticed an ogre
  2545 | D:4      | Slain by an ogre

Skill      XL: |  1  2  3  4 |
---------------+-------------+-----
Armour         | 4 |  4.4
Shields        | 4 |  4.4
Fighting       | 5 |  5.2
Short Blades   | |  5.2
Long Blades    | |  5.2
Axes           | |  5.2
Maces & Flails | |  5.2
Polearms       | |  5.2
Staves         | |  5.2
Unarmed Combat | |  5.2

Action                   |  1- 3 |  4- 6 || total
-------------------------+-------+-------++-------
Melee: Long sword        |   133 |   114 ||   247
 Stab: Paralysed         |     2 |       ||     2
  Eat: Chunk             |     1 |     4 ||     5
Armor: Scale mail        |    78 |    40 ||   118
Dodge: Dodged            |    47 |    20 ||    67
Block: Shield            |    51 |       ||    51
       Large shield      |    36 |   114 ||   150
